 Dungeon Crawl Stone Soup version 0.32-a0-7-ge934b4519a (webtiles) character file.

Game seed: 12376043388248208972

7690 randumb the Slicer (level 11, -1/51 HPs)
             Began as a Tengu Air Elementalist on Jan 13, 2024.
             Was an Elder of Hepliaklqana.
             Slain by Amaemon
             ... wielding a +1 demon whip of venom
              (5 damage)
             ... on level 1 of the Lair of Beasts.
             The game lasted 00:43:57 (6829 turns).

randumb the Slicer (Tengu Air Elementalist)         Turns: 6829, Time: 00:43:59

Health: -1/51      AC:  3    Str: 11    XL:     11   Next: 19%
Magic:  10/20      EV: 18    Int: 18    God:    Hepliaklqana [****..]
Gold:   537        SH:  0    Dex: 20    Spells: 10/21 levels left

rFire   + . .        J - +3 short sword (venom)
rCold   . . .        (no shield)
rNeg    . . .        w - +1 robe {rF+}
rPois   +            (helmet restricted)
rElec   .            (no cloak)
rCorr   .            (no gloves)
SInv    .            (boots unavailable)
Will    .....        i - amulet of regeneration
Stlth   ++++         t - +6 ring of dexterity
HPRegen 1.08/turn    g - ring of poison resistance
MPRegen 0.17/turn

%: acrobat
@: marked, flying
A: reduced essence, beak, talons 3, evasive flight, acrobatic
a: Renounce Religion, Recall Ancestor, Ancestor Identity, Transference, Idealise


You were on level 1 of the Lair of Beasts.
You worshipped Hepliaklqana.
Hepliaklqana was greatly pleased with you.
You visited 2 branches of the dungeon, and saw 9 of its levels.

You collected 537 gold pieces.

Inventory:

Hand Weapons
 l - a +2 short sword of distortion
 m - a +1 short sword of draining
 v - a +1 whip of flaming
 J - a +3 short sword of venom (weapon)
 Q - a +4 scimitar of freezing
Missiles
 F - a throwing net
Armour
 w - a +1 robe of fire resistance (worn)
 P - an orb of guile
Jewellery
 d - a ring of wizardry
 g - a ring of poison resistance (right hand)
 i - an amulet of regeneration (around neck)
 t - a +6 ring of dexterity (left hand)
 B - a +6 ring of strength
 C - a +6 ring of dexterity
 M - a +5 ring of evasion
Talismans
 r - a serpent talisman
Wands
 s - a wand of flame (8)
 x - a wand of charming (15)
 D - a wand of acid (7)
 I - a wand of polymorph (9)
 N - a wand of iceblast (10)
Scrolls
 a - a scroll of silence {unknown}
 c - 2 scrolls of immolation {unknown}
 e - 3 scrolls of poison {unknown}
 f - 5 scrolls of identify
 h - 4 scrolls of teleportation
 k - a scroll of enchant weapon {unknown}
 n - a scroll of torment {unknown}
 o - 3 scrolls of noise {unknown}
 y - a scroll of acquirement {unknown}
 z - a scroll of brand weapon {unknown}
 G - a scroll of fog {unknown}
 H - a scroll of amnesia {unknown}
 O - a scroll of fear {unknown}
Potions
 b - a potion of magic
 j - a potion of brilliance {unknown}
 p - 3 potions of lignification
 q - 3 potions of curing
 u - 2 potions of might {unknown}
 A - a potion of degeneration {unknown}
 E - a potion of cancellation {unknown}
 K - 2 potions of mutation {unknown}
 L - a potion of resistance {unknown}


   Skills:
 - Level 1.6 Fighting
 - Level 10.1 Short Blades
 - Level 3.1 Armour
 - Level 4.0 Dodging
 - Level 8.0 Stealth
 - Level 3.8 Unarmed Combat
 + Level 5.8 Spellcasting
 + Level 7.8 Conjurations
 - Level 2.0 Ice Magic
 + Level 8.8 Air Magic
 - Level 1.0 Alchemy


You had 10 spell levels left.
You knew the following spells:

 Your Spells              Type           Power      Damage    Failure   Level
a - Shock                 Conj/Air       100%       1d9       1%          1
b - Mercury Vapours       Alch/Air       44%        N/A       2%          2
c - Mephitic Cloud        Conj/Alch/Air  26%        N/A       3%          3
d - Freezing Cloud        Conj/Ice/Air   13%        6-21      26%         5

Your spell library contained the following spells:

 Spells                   Type           Power      Damage    Failure   Level
 Static Discharge         Conj/Air       70%        3-6/arc   1%          2
 Swiftness                Air            36%        N/A       1%          3
 Airstrike                Air            18%        2d(3-19)  3%          4
 Stone Arrow              Conj/Erth      38%        3d9       8%          3
 Sandblast                Erth           10%        2d5       12%         1
 Slow                     Hex            20%        N/A       12%         1
 Frozen Ramparts          Ice            24%        1d4       16%         3
 Jinxbite                 Hex            10%        N/A       19%         2
 Brom's Barrelling Bould  Conj/Erth      19%        2d4       24%         4
 Confusing Touch          Hex            5%         N/A       36%         3
 Gell's Gravitas          Tloc           5%         N/A       36%         3
 Passwall                 Erth           5%         N/A       36%         3
 Sigil of Binding         Hex            5%         N/A       36%         3
 Teleport Other           Tloc           5%         N/A       36%         3
 Vampiric Draining        Necr           5%         2d6       36%         3
 Leda's Liquefaction      Alch/Erth      3%         N/A       69%         4
 Petrify                  Alch/Erth      7%         N/A       69%         4
 Metabolic Englaciation   Hex/Ice        4%         N/A       91%         5
 Alistair's Intoxication  Alch           5%         N/A       92%         5
 Yara's Violent Unravell  Hex/Alch       3%         3d4       95%         5
 Borgnjor's Vile Clutch   Necr/Erth      2%         N/A       98%         5
 Dispersal                Tloc           2%         N/A       100%        6
 Eringya's Noxious Bog    Alch           4%         4d6       100%        6
 Enfeeble                 Hex            2%         N/A       100%        7
 Malign Gateway           Summ/Tloc      2%         N/A       100%        7
 Summon Horrible Things   Summ           2%         N/A       100%        8


Dungeon Overview and Level Annotations

Branches:
Dungeon (8/15)             Temple (0/1) D:4            Lair (1/5) D:8

Altars:
Fedhas
Hepliaklqana
Kikubaaqudgha
Makhleb
Nemelex Xobeh
Okawaru
Qazlal
Vehumet
Wu Jian
Xom
The Shining One

Annotations:
Lair:1 Amaemon


Innate Abilities, Weirdness & Mutations

Your life essence is reduced to manifest your ancestor. (-10% HP)
You have a beak for a mouth.
You have claws for feet.
Your magical flight helps you evade attacks. (EV +4)
You can magically evade attacks while moving or waiting.


Message History

You see here a blink frog corpse.
You completely miss the black mamba. Your kick misses the black mamba.
The black mamba is severely wounded.
The black mamba bites you!
Amaemon casts a spell at the water moccasin.
The water moccasin's venom grows more potent.
Casting: Mephitic Cloud (dangerous; 3% risk of failure)
Confirm with . or Enter, or press ? or * to list all spells.
Aiming: Mephitic Cloud (dangerous; 3% risk of failure)
Press: ? - help, Shift-Dir - straight line, f - Amaemon
Aim: Amaemon, wielding a +1 demon whip of venom (heavily wounded, very poisoned, chance to affect: 67%)
The ball explodes into a vile cloud!
The stinking cloud engulfs Amaemon.
Amaemon is heavily wounded.
The stinking cloud engulfs the black mamba.
The black mamba is severely wounded.
The stinking cloud engulfs you.
The stinking cloud engulfs the water moccasin.
The water moccasin is moderately wounded.
The black mamba barely misses you. The black mamba closely misses you.
Amaemon is engulfed in noxious fumes.
Amaemon appears confused.
You catch the helpless Amaemon completely off-guard!
You impale Amaemon!! You claw Amaemon. You peck Amaemon.
Amaemon is almost dead.
You barely miss Amaemon. You claw Amaemon. You peck Amaemon.
Amaemon is almost dead.
The black mamba bites you!!
* * * LOW HITPOINT WARNING * * *
The water moccasin misses you.
The water moccasin completely misses you.
Amaemon is engulfed in noxious fumes.
Amaemon appears confused.
Amaemon barely misses the black mamba.
Amaemon claws the black mamba!
Amaemon misses the black mamba.
You feel better. The black mamba bites you!
* * * LOW HITPOINT WARNING * * *
The water moccasin misses you. The black mamba misses you.
The water moccasin misses you.
The water moccasin completely misses you.
Amaemon is engulfed in noxious fumes.
Amaemon closely misses you. Amaemon claws you.
You die...

##...# #.##.# ##
#.## ## ##.#
#..####.##
##.....#†.#
#.......#.#
#.......#S##
.........@6#
#........SS§..#
##.........##....
##.....P### #..
..###..## . #.#
#### ##


You could see Amaemon (confused, very poisoned), a black mamba (poisoned) and 2
water moccasins.

Vanquished Creatures
  A two-headed ogre (D:8)
  Pikel (D:4)
  An orange demon (Lair:1)
  Jeremiah (D:8)
  A polar bear (Lair:1)
  A hornet (D:5)
  2 blink frogs (Lair:1)
  A slime creature (D:8)
  A shadow (D:8)
  A wyvern (D:8)
  A wraith (D:8)
  2 water moccasins (Lair:1)
  An orc warrior (D:6)
  3 ice beasts
  2 sky beasts
  2 ogres (D:4)
  A centaur (D:8)
  2 phantoms
  A bullfrog (D:7)
  2 scorpions
  8 wights (D:8)
  Dowan (D:7)
  5 killer bees (D:8)
  A jelly (D:4)
  2 bombardier beetles
  6 orc priests
  5 hounds
  2 sleepcaps (D:7)
  2 iguanas (D:5)
  9 orc wizards
  6 adders
  2 white imps
  2 ufetubi (D:7)
  2 dart slugs
  33 orcs
  8 ball pythons
  2 bats (D:2)
  8 endoplasms
  4 giant cockroaches
  4 goblins
  7 hobgoblins
  4 quokkas
  2 frilled lizards (D:1)
  7 kobolds
  4 rats
164 creatures vanquished.

Vanquished Creatures (collateral kills)
  A cyclops (D:8)
  A hornet (D:8)
  A blink frog (Lair:1)
  Duvessa (D:7)
  An orc warrior (D:5)
  A sky beast (D:7)
  An ice beast (D:6)
  A centaur (D:6)
  4 bullfrogs
  2 killer bees (D:8)
  2 orc priests (D:7)
  An iguana (D:5)
  5 orc wizards
  A shadow imp (D:8)
  8 orcs
31 creatures vanquished.

Vanquished Creatures (others)
  3 hexers
  2 ancestors
5 creatures vanquished.

Grand Total: 200 creatures vanquished

Notes
Turn   | Place    | Note
-------+----------+-------------------------------------------
     0 | D:1      | randumb the Tengu Air Elementalist began the quest for the
                  | Orb.
     0 | D:1      | Reached XP level 1. HP: 10/10 MP: 4/4
   103 | D:1      | Reached XP level 2. HP: 16/16 MP: 4/6
   167 | D:1      | Reached skill level 1 in Armour
   234 | D:1      | Reached skill level 1 in Fighting
   716 | D:2      | Reached XP level 3. HP: 14/20 MP: 7/7
   761 | D:2      | Found a faded altar of an unknown god.
  1702 | D:2      | Prayed at the altar of an unknown god.
  1702 | D:2      | Became a worshipper of Hepliaklqana the Forgotten
  1702 | D:2      | Reached * piety under Hepliaklqana
  1903 | D:3      | Reached skill level 1 in Short Blades
  1957 | D:3      | Reached XP level 4. HP: 20/23 MP: 8/8
  1993 | D:3      | Reached skill level 2 in Short Blades
  2038 | D:3      | Reached skill level 3 in Short Blades
  2042 | D:3      | Reached XP level 5. HP: 22/27 MP: 9/9
  2398 | D:3      | Reached ** piety under Hepliaklqana
  2608 | D:4      | Reached skill level 4 in Short Blades
  2624 | D:4      | Noticed Pikel
  2626 | D:4      | Noticed a lemure
  2626 | D:4      | Noticed a lemure
  2626 | D:4      | Noticed a lemure
  2627 | D:4      | Noticed a lemure
  2633 | D:4      | Noticed an ogre
  2637 | D:4      | Killed Pikel
  2638 | D:4      | Reached skill level 7 in Short Blades
  2638 | D:4      | Reached XP level 6. HP: 26/31 MP: 10/10
  2638 | D:4      | Gained mutation: Your magical flight helps you evade
                  | attacks. (EV +4) [Tengu growth]
  2638 | D:4      | Reached XP level 7. HP: 30/35 MP: 11/11
  2659 | D:4      | Reached skill level 8 in Short Blades
  2786 | D:4      | Identified the +9 plate armour of Wekhoxor {Dex+3}
  3071 | D:4      | Found a staircase to the Ecumenical Temple.
  3225 | D:4      | Reached XP level 8. HP: 39/39 MP: 12/12
  3270 | D:5      | Entered Level 5 of the Dungeon
  3477 | D:5      | Reached skill level 9 in Short Blades
  3548 | D:5      | Remembered your ancestor Leofsige as a hexer
  3706 | D:5      | Found a shimmering altar of Xom.
  3991 | D:5      | Found an ancient bone altar of Kikubaaqudgha.
  4067 | D:5      | Reached *** piety under Hepliaklqana
  4091 | D:5      | Noticed a hornet
  4109 | D:5      | Killed a hornet
  4110 | D:5      | Reached skill level 10 in Short Blades
  4110 | D:5      | Reached skill level 5 in Stealth
  4468 | D:6      | Reached XP level 9. HP: 43/43 MP: 13/13
  4900 | D:6      | Reached skill level 1 in Unarmed Combat
  5282 | D:7      | Noticed Duvessa
  5291 | D:7      | Killed Duvessa
  5309 | D:7      | Learned a level 2 spell: Mercury Vapours
  5313 | D:7      | Learned a level 3 spell: Mephitic Cloud
  5319 | D:7      | Learned a level 5 spell: Freezing Cloud
  5376 | D:7      | Noticed Dowan
  5388 | D:7      | Killed Dowan
  5614 | D:7      | Reached skill level 1 in Alchemy
  5814 | D:8      | Reached **** piety under Hepliaklqana
  5839 | D:8      | Reached skill level 1 in Ice Magic
  5840 | D:8      | Reached XP level 10. HP: 21/47 MP: 7/14
  5866 | D:8      | Reached skill level 5 in Air Magic
  6101 | D:8      | Found a burning altar of Makhleb.
  6101 | D:8      | Noticed a cacodemon
  6252 | D:8      | Noticed Jeremiah
  6271 | D:8      | Killed Jeremiah
  6302 | D:8      | Reached skill level 5 in Conjurations
  6387 | D:8      | Paralysed by a hornet for 3 turns
  6390 | D:8      | HP: 1/47 [hornet (8)]
  6448 | D:8      | Noticed a cyclops
  6465 | D:8      | Killed a cyclops
  6470 | D:8      | Noticed a six-headed hydra
  6475 | D:8      | Noticed a centaur warrior
  6507 | D:8      | Found a radiant altar of Vehumet.
  6514 | D:8      | Found an iron altar of Okawaru.
  6516 | D:8      | Found an ornate altar of the Wu Jian Council.
  6516 | D:8      | Found a stormy altar of Qazlal.
  6516 | D:8      | Found a blossoming altar of Fedhas.
  6517 | D:8      | Found a sparkling altar of Nemelex Xobeh.
  6519 | D:8      | Found a glowing golden altar of the Shining One.
  6555 | D:8      | Noticed a two-headed ogre
  6562 | D:8      | Killed a two-headed ogre
  6563 | D:8      | Reached skill level 5 in Spellcasting
  6565 | D:8      | Found a staircase to the Lair.
  6580 | Lair:1   | Entered Level 1 of the Lair of Beasts
  6682 | Lair:1   | Reached XP level 11. HP: 51/51 MP: 19/19
  6800 | Lair:1   | Noticed Amaemon
  6829 | Lair:1   | Slain by Amaemon

Illustrated notes

Levels and vault maps discovered:
D:1:      dpeg_arrival_lava_temple_mockup, layout_rooms, serial_bayou_pond_c
D:2:      layout_basic, dreamdust_ecumenical_altar_hidden_monk_grotto
D:3:      layout_basic
D:4:      layout_basic, temple_green, uniq_pikel
D:5:      layout_layer_cave, minmay_misc_feat_ornament, hangedman_feature_mirror
D:6:      layout_cave_pools
D:7:      layout_loops_cross, uniq_duvessa
D:8:      minmay_the_grid_plus_closed [minmay_the_grid_outer_circle,
          minmay_the_grid_broken_lines, minmay_the_grid_odd_star,
          minmay_the_grid_box_x, minmay_the_grid_prize_inner_circle],
          layout_basic, makhleb_altar_promises_db, minitemple, lair_entry_dummy,
          uniq_erica, uniq_jeremiah
Lair:1:   layout_cave_pods, infiniplex_staircase_pool_2, uniq_amaemon

Skill      XL: |  1  2  3  4  5  6  7  8  9 10 |
---------------+-------------------------------+-----
Armour         | 1 3 |  3.1
Fighting       | 1 |  1.6
Dodging        | 3 4 |  4.0
Short Blades   | 1 3 7 8 10 | 10.1
Stealth        | 5 8 |  8.0
Unarmed Combat | 3 |  3.8
Conjurations   | 2 7 |  7.8
Alchemy        | 1 |  1.0
Ice Magic      | 1 2 |  2.0
Air Magic      | 8 |  8.8
Spellcasting   | 5 |  5.8

Action                     |  1- 3 |  4- 6 |  7- 9 | 10-12 || total
---------------------------+-------+-------+-------+-------++-------
  Melee: Unarmed           |    10 |       |       |       ||    10
         Kick              |    23 |    16 |    89 |    49 ||   177
         Short sword       |    45 |    51 |   261 |   142 ||   499
         Whip              |    19 |       |       |       ||    19
         Peck              |    16 |     8 |    48 |    34 ||   106
         Long sword        |    24 |       |       |       ||    24
         Punch             |       |     1 |     8 |     6 ||    15
   Cast: Shock             |     8 |     2 |    28 |    10 ||    48
         Mercury Vapours   |       |       |     2 |     5 ||     7
         Mephitic Cloud    |       |       |       |     8 ||     8
 Invoke: Ancestor Life: He |       |       |     1 |       ||     1
    Use: Potion            |       |     1 |     2 |     3 ||     6
         Scroll            |       |       |     2 |     1 ||     3
   Stab: Sleeping          |     4 |       |     5 |     1 ||    10
         Distracted        |       |       |     2 |     1 ||     3
         Confused          |       |       |     7 |    10 ||    17
 Armour: Robe              |    30 |       |    52 |    42 ||   124
         Chain mail        |     9 |    35 |    14 |       ||    58
  Dodge: Dodged            |    65 |    15 |   140 |    77 ||   297

Table legend: (Time is in decaauts)
 A = Elapsed time spent in this place.
 B = Non-inter-level travel time spent in this place.
 C = Inter-level travel time spent in this place.
 D = Time resting spent in this place.
 E = Time spent auto-exploring this place.
 F = Levels seen in this place.
 G = Mean time per level.
                   A        B        C        D        E       F      G
               +--------+--------+--------+--------+--------+-----+--------+
         Total |   6617 |   6165 |    452 |     34 |   4710 |   9 |  735.2 |
       Dungeon |   6385 |   5933 |    452 |     34 |   4526 |   8 |  798.1 |
          Lair |    231 |    231 |      0 |      0 |    184 |   1 |  231.0 |
               +--------+--------+--------+--------+--------+-----+--------+

Top non-repeatable levels by time:
     D:5: 1198 daAuts
     D:2: 1123 daAuts
     D:3: 762 daAuts
     D:8: 741 daAuts
     D:4: 737 daAuts
     D:7: 700 daAuts
     D:1: 622 daAuts
     D:6: 498 daAuts
  Lair:1: 231 daAuts
